TOP OF THE 1ST |
Atlantic City Sonics batting - Pitching for Providence Pilgrims : RHP Rick Hubbard
|
Pitching: RHP Rick Hubbard
|
|
Batting: RHB Jerry Scott
|
0-0: Called Strike 0-1: Foul Ball, location: 2F 0-2: Ball 1-2: Ball 2-2: Ground out 4-3 (Groundball, 4S, EV 88.1 MPH)
|
Batting: RHB Román Ramírez
|
0-0: Foul Ball, location: 2F 0-1: Called Strike 0-2: Foul Ball, location: 2F 0-2: Ball 1-2: Strikes out swinging
|
Batting: RHB Zhong-yan Zhang
|
0-0: Called Strike 0-1: Ball 1-1: Ball 2-1: Fly out, F7 (Line Drive, 7, EV 88.8 MPH)
|
Top of the 1st over - 0 runs, 0 hits, 0 errors, 0 left on base; Atlantic City 0 - Providence 0 |
BOTTOM OF THE 1ST |
Providence Pilgrims batting - Pitching for Atlantic City Sonics : LHP Calle Lagerkvist
|
Pitching: LHP Calle Lagerkvist
|
|
Batting: RHB Carlos González
|
0-0: Ball 1-0: Ball 2-0: Called Strike 2-1: Foul Ball, location: 2F 2-2: Ball 3-2: SINGLE (Groundball, 6MD, EV 101.9 MPH)
|
Batting: RHB Julián Vélez
|
0-0: Called Strike 0-1: SINGLE (Flyball, 7S, EV 87.5 MPH) Carlos González to second
|
Batting: RHB Gabriel Méndez
|
0-0: Foul Ball, location: 2F 0-1: Foul Ball, location: 2F 0-2: Ball 1-2: Fly out, F8 (Flyball, 78XD, EV 100.0 MPH) Runner from 2nd tags up, SAFE at 3rd, no throw by CF
|
Batting: RHB Chris Hall
|
0-0: Called Strike 0-1: Fly out, F3 (Popup, 3SF, EV 81.2 MPH)
|
Batting: RHB Allen Kelley
|
0-0: Ball 1-0: Called Strike 1-1: Called Strike 1-2: Ball 2-2: Ball 3-2: Strikes out looking
|
Bottom of the 1st over - 0 runs, 2 hits, 0 errors, 2 left on base; Atlantic City 0 - Providence 0 |
TOP OF THE 2ND |
Atlantic City Sonics batting - Pitching for Providence Pilgrims : RHP Rick Hubbard
|
Batting: SHB John Clements
|
0-0: Ball 1-0: Ball 2-0: Swinging Strike 2-1: Called Strike 2-2: Foul Ball, location: 2F 2-2: Foul Ball, location: 2F 2-2: Strikes out swinging
|
Batting: RHB Garm van Opdorp
|
0-0: Ball 1-0: Ball 2-0: Called Strike 2-1: Ball 3-1: SOLO HOME RUN (Flyball, 7LD, EV 100.6 MPH), Distance : 353 ft
|
Batting: LHB Luis Ortíz
|
0-0: Swinging Strike 0-1: Fly out, F5 (Popup, 5S, EV 80.6 MPH)
|
Batting: RHB Denis Perrin
|
0-0: Called Strike 0-1: Ball 1-1: Ball 2-1: Swinging Strike 2-2: Fly out, F8 (Line Drive, 8LM, EV 98.8 MPH)
|
Top of the 2nd over - 1 run, 1 hit, 0 errors, 0 left on base; Atlantic City 1 - Providence 0 |
BOTTOM OF THE 2ND |
Providence Pilgrims batting - Pitching for Atlantic City Sonics : LHP Calle Lagerkvist
|
Batting: LHB César Valtez
|
0-0: Ball 1-0: Ball 2-0: SOLO HOME RUN (Flyball, 9D, EV 110.6 MPH), Distance : 372 ft
|
Batting: RHB Jesse McCoy
|
0-0: Ball 1-0: Called Strike 1-1: Fly out, F8 (Line Drive, 8RM, EV 91.9 MPH)
|
Batting: LHB David Davis
|
0-0: Ball 1-0: Foul Ball, location: 2F 1-1: Ball 2-1: Foul Ball, location: 2F 2-2: Ball 3-2: Foul Ball, location: 2F 3-2: SINGLE (Line Drive, 9S, EV 103.1 MPH)
|
Batting: RHB Bill Blair
|
0-0: Called Strike 0-1: SINGLE (Flyball, 78S, EV 94.4 MPH) David Davis to second
|
Batting: RHB Carlos González
|
0-0: Ball David Davis steals 3rd base 1-0: Foul Ball, location: 2F 1-1: Ball 2-1: Fielders Choice at 2nd, 5-4 (Groundball, 5, EV 85.6 MPH) David Davis scores
|
Batting: RHB Julián Vélez
|
0-0: Ball 1-0: Foul Ball, location: 2F 1-1: Fielders Choice at 2nd, 6-4 (Groundball, 6, EV 98.8 MPH)
|
Bottom of the 2nd over - 2 runs, 3 hits, 0 errors, 1 left on base; Atlantic City 1 - Providence 2 |
TOP OF THE 3RD |
Atlantic City Sonics batting - Pitching for Providence Pilgrims : RHP Rick Hubbard
|
Batting: LHB Jorge Quilez
|
0-0: Ball 1-0: Ground out 6-3 (Groundball, 6M, EV 100.6 MPH)
|
Batting: RHB Jared Guth
|
0-0: Foul Ball, location: 2F 0-1: Fly out, F8 (Flyball, 8LM, EV 98.1 MPH)
|
Batting: RHB Jerry Scott
|
0-0: Called Strike 0-1: Foul Ball, location: 2F 0-2: Ball 1-2: SINGLE (Groundball, 56D, EV 105.0 MPH)
|
Batting: RHB Román Ramírez
|
0-0: Ball 1-0: Called Strike 1-1: Ball Wild Pitch! Jerry Scott to second 2-1: Ball Wild Pitch! Jerry Scott to third 3-1: Base on Balls
|
Batting: RHB Zhong-yan Zhang
|
0-0: Called Strike 0-1: Ball 1-1: Foul Ball, location: 2F 1-2: Fly out, F8 (Flyball, 8RS, EV 94.4 MPH)
|
Top of the 3rd over - 0 runs, 1 hit, 0 errors, 2 left on base; Atlantic City 1 - Providence 2 |
BOTTOM OF THE 3RD |
Providence Pilgrims batting - Pitching for Atlantic City Sonics : LHP Calle Lagerkvist
|
Batting: RHB Gabriel Méndez
|
0-0: Ball 1-0: Fly out, F8 (Line Drive, 8LM, EV 92.5 MPH)
|
Batting: RHB Chris Hall
|
0-0: Swinging Strike 0-1: Ball 1-1: Called Strike 1-2: Ball 2-2: Fly out, F9 (Line Drive, 9, EV 95.6 MPH)
|
Batting: RHB Allen Kelley
|
0-0: Ball 1-0: Ground out 4-3 (Groundball, 4M, EV 90.6 MPH)
|
Bottom of the 3rd over - 0 runs, 0 hits, 0 errors, 0 left on base; Atlantic City 1 - Providence 2 |
TOP OF THE 4TH |
Atlantic City Sonics batting - Pitching for Providence Pilgrims : RHP Rick Hubbard
|
Batting: SHB John Clements
|
0-0: Called Strike 0-1: Foul Ball, location: 2F 0-2: Strikes out swinging
|
Batting: RHB Garm van Opdorp
|
0-0: Ball 1-0: Ball 2-0: Called Strike 2-1: Called Strike 2-2: SINGLE (Line Drive, 89S, EV 92.5 MPH)
|
Batting: LHB Luis Ortíz
|
0-0: Foul Ball, location: 2F 0-1: SINGLE (Line Drive, 8LS, EV 103.8 MPH) Garm van Opdorp to second Garm van Opdorp to third
|
Batting: RHB Denis Perrin
|
0-0: Ball 1-0: Foul Ball, location: 2F 1-1: Ball 2-1: Ball 3-1: Ground out 3-1 (Groundball, 34S, EV 85.0 MPH) Garm van Opdorp scores Luis Ortíz to second
|
Batting: LHB Jorge Quilez
|
0-0: Ball 1-0: Swinging Strike 1-1: SINGLE (Line Drive, 6MD, EV 95.0 MPH) Luis Ortíz to third Runner from 3rd tries for Home, SAFE, no throw by CF
|
Batting: RHB Jared Guth
|
0-0: Ball 1-0: Called Strike 1-1: Called Strike 1-2: Foul Ball, location: 2F 1-2: Foul Ball, location: 2F 1-2: Foul Ball, location: 2F 1-2: Strikes out looking
|
Top of the 4th over - 2 runs, 3 hits, 0 errors, 1 left on base; Atlantic City 3 - Providence 2 |
BOTTOM OF THE 4TH |
Providence Pilgrims batting - Pitching for Atlantic City Sonics : LHP Calle Lagerkvist
|
Batting: LHB César Valtez
|
0-0: Called Strike 0-1: Foul Ball, location: 2F 0-2: Ball 1-2: Strikes out swinging
|
Batting: RHB Jesse McCoy
|
0-0: Foul Ball, location: 2F 0-1: Swinging Strike 0-2: Fly out, F8 (Flyball, 8RS, EV 86.9 MPH)
|
Batting: LHB David Davis
|
0-0: Ball 1-0: Foul Ball, location: 2F 1-1: Ball 2-1: SINGLE (Groundball, 25, EV 72.5 MPH) (infield hit)
|
Batting: RHB Bill Blair
|
0-0: Ball 1-0: Ball 2-0: Called Strike 2-1: Fielders Choice at 2nd, 6-4 (Groundball, 6, EV 78.8 MPH)
|
Bottom of the 4th over - 0 runs, 1 hit, 0 errors, 1 left on base; Atlantic City 3 - Providence 2 |
TOP OF THE 5TH |
Atlantic City Sonics batting - Pitching for Providence Pilgrims : RHP Rick Hubbard
|
Batting: RHB Jerry Scott
|
0-0: Ball 1-0: Ball 2-0: Ball 3-0: Called Strike 3-1: Base on Balls
|
Batting: RHB Román Ramírez
|
0-0: Sac Bunt to 5S - play at first, batter OUT! 5-4 Jerry Scott to second
|
Batting: RHB Zhong-yan Zhang
|
0-0: Ball 1-0: SINGLE (Groundball, 6, EV 84.4 MPH) (infield hit) Jerry Scott to third
|
Batting: SHB John Clements
|
0-0: Foul Ball, location: 2F 0-1: Called Strike 0-2: Ball 1-2: Ball 2-2: Fly out, F6 (Popup, 6, EV 76.2 MPH)
|
Batting: RHB Garm van Opdorp
|
0-0: Ball 1-0: Fly out, F9 (Flyball, 9LS, EV 91.9 MPH)
|
Top of the 5th over - 0 runs, 1 hit, 0 errors, 2 left on base; Atlantic City 3 - Providence 2 |
BOTTOM OF THE 5TH |
Providence Pilgrims batting - Pitching for Atlantic City Sonics : LHP Calle Lagerkvist
|
Batting: RHB Carlos González
|
0-0: Ball 1-0: Swinging Strike 1-1: Swinging Strike 1-2: Ball 2-2: Strikes out looking
|
Batting: RHB Julián Vélez
|
0-0: Fly out, F8 (Flyball, 8LS, EV 85.0 MPH)
|
Batting: RHB Gabriel Méndez
|
0-0: Called Strike 0-1: Ball 1-1: Called Strike 1-2: SINGLE (Flyball, 78M, EV 90.6 MPH)
|
Batting: RHB Chris Hall
|
0-0: Ball 1-0: Ball 2-0: Ball 3-0: Called Strike 3-1: SINGLE (Line Drive, 4MD, EV 101.2 MPH) Gabriel Méndez to second
|
Batting: RHB Allen Kelley
|
0-0: Called Strike 0-1: Ball 1-1: Foul Ball, location: 2F 1-2: Ball 2-2: Foul Ball, location: 2F 2-2: Ball 3-2: Fly out, F6 (Popup, 6, EV 66.9 MPH)
|
Bottom of the 5th over - 0 runs, 2 hits, 0 errors, 2 left on base; Atlantic City 3 - Providence 2 |
TOP OF THE 6TH |
Atlantic City Sonics batting - Pitching for Providence Pilgrims : RHP Rick Hubbard
|
Batting: LHB Luis Ortíz
|
0-0: Ball 1-0: Ball 2-0: Fly out, F7 (Line Drive, 7, EV 110.0 MPH)
|
Batting: RHB Denis Perrin
|
0-0: Called Strike 0-1: Foul Ball, location: 2F 0-2: Ball 1-2: Ground out 6-3 (Groundball, 6, EV 79.4 MPH)
|
Batting: LHB Jorge Quilez
|
0-0: Called Strike 0-1: Ground out U3 (Groundball, 3, EV 105.0 MPH)
|
Top of the 6th over - 0 runs, 0 hits, 0 errors, 0 left on base; Atlantic City 3 - Providence 2 |
BOTTOM OF THE 6TH |
Providence Pilgrims batting - Pitching for Atlantic City Sonics : LHP Calle Lagerkvist
|
Batting: LHB César Valtez
|
0-0: Ball 1-0: Foul Ball, location: 2F 1-1: Foul Ball, location: 2F 1-2: Ball 2-2: Ball 3-2: Foul Ball, location: 2F 3-2: Ground out 5-3 (Groundball, 56S, EV 78.8 MPH)
|
Batting: RHB Jesse McCoy
|
0-0: Ball 1-0: Ball 2-0: Foul Ball, location: 2F 2-1: Ball 3-1: Fly out, F6 (Popup, 6MD, EV 50.0 MPH)
|
Batting: LHB David Davis
|
0-0: Swinging Strike 0-1: Swinging Strike 0-2: Ball 1-2: Strikes out looking
|
Bottom of the 6th over - 0 runs, 0 hits, 0 errors, 0 left on base; Atlantic City 3 - Providence 2 |
TOP OF THE 7TH |
Atlantic City Sonics batting - Pitching for Providence Pilgrims : RHP Rick Hubbard
|
Batting: RHB Jared Guth
|
0-0: Foul Ball, location: 2F 0-1: Foul Ball, location: 2F 0-2: Ball 1-2: Ball 2-2: Ground out 6-3 (Groundball, 6, EV 100.0 MPH)
|
Batting: RHB Jerry Scott
|
0-0: Foul Ball, location: 2F 0-1: Ball 1-1: Ground out 4-3 (Groundball, 4, EV 96.9 MPH)
|
Batting: RHB Román Ramírez
|
0-0: Called Strike 0-1: Called Strike 0-2: Ball 1-2: Ball 2-2: SINGLE (Groundball, 34D, EV 99.4 MPH)
|
Pitching: RHP Javier Fierro
|
|
Batting: RHB Zhong-yan Zhang
|
0-0: Called Strike Román Ramírez steals 2nd base 0-1: Ball 1-1: Ball 2-1: SINGLE (Line Drive, 78M, EV 111.2 MPH) Román Ramírez to third Runner from 3rd tries for Home, SAFE, throw by CF to home
|
Batting: SHB John Clements
|
0-0: Called Strike 0-1: Ground out 2-3 (Groundball, 15S, EV 65.6 MPH)
|
Top of the 7th over - 1 run, 2 hits, 0 errors, 1 left on base; Atlantic City 4 - Providence 2 |
BOTTOM OF THE 7TH |
Providence Pilgrims batting - Pitching for Atlantic City Sonics : LHP Calle Lagerkvist
|
Pitching: RHP Peter Routledge
|
|
Batting: RHB Bill Blair
|
0-0: Called Strike 0-1: Called Strike 0-2: Strikes out swinging
|
Batting: RHB Carlos González
|
0-0: Called Strike 0-1: Ball 1-1: Ground out 6-3 (Groundball, 6MS, EV 83.8 MPH)
|
Batting: RHB Julián Vélez
|
0-0: Foul Ball, location: 2F 0-1: Foul Ball, location: 2F 0-2: Ball 1-2: Strikes out looking
|
Bottom of the 7th over - 0 runs, 0 hits, 0 errors, 0 left on base; Atlantic City 4 - Providence 2 |
TOP OF THE 8TH |
Atlantic City Sonics batting - Pitching for Providence Pilgrims : RHP Javier Fierro
|
Batting: RHB Garm van Opdorp
|
0-0: Called Strike 0-1: Foul Ball, location: 2F 0-2: Ball 1-2: Ground out 5-3 (Groundball, 56, EV 78.8 MPH)
|
Batting: LHB Luis Ortíz
|
0-0: Called Strike 0-1: Ball 1-1: Foul Ball, location: 2F 1-2: Ball 2-2: Ground out U3 (Groundball, 34, EV 91.2 MPH)
|
Batting: RHB Denis Perrin
|
0-0: Called Strike 0-1: Foul Ball, location: 2F 0-2: Fly out, F5 (Popup, 5SF, EV 71.9 MPH)
|
Top of the 8th over - 0 runs, 0 hits, 0 errors, 0 left on base; Atlantic City 4 - Providence 2 |
BOTTOM OF THE 8TH |
Providence Pilgrims batting - Pitching for Atlantic City Sonics : RHP Peter Routledge
|
Batting: RHB Gabriel Méndez
|
0-0: Foul Ball, location: 2F 0-1: Swinging Strike 0-2: Foul Ball, location: 2F 0-2: Ball 1-2: Foul Ball, location: 2F 1-2: Ball 2-2: Strikes out swinging
|
Batting: RHB Chris Hall
|
0-0: Called Strike 0-1: Ball 1-1: Swinging Strike 1-2: Ground out 1-3 (Groundball, 15S, EV 67.5 MPH)
|
Batting: RHB Allen Kelley
|
0-0: Called Strike 0-1: Swinging Strike 0-2: SINGLE (Groundball, 5L, EV 96.2 MPH)
|
Batting: LHB César Valtez
|
0-0: Foul Ball, location: 2F 0-1: Called Strike 0-2: Ground out 1-3 (Groundball, 13, EV 80.0 MPH)
|
Bottom of the 8th over - 0 runs, 1 hit, 0 errors, 1 left on base; Atlantic City 4 - Providence 2 |
TOP OF THE 9TH |
Atlantic City Sonics batting - Pitching for Providence Pilgrims : RHP Javier Fierro
|
Batting: LHB Jorge Quilez
|
0-0: Ball 1-0: Called Strike 1-1: Swinging Strike 1-2: SINGLE (Line Drive, 78M, EV 100.6 MPH)
|
Batting: RHB Jared Guth
|
0-0: Sac Bunt to 3S - play at first, batter OUT! 3-4 Jorge Quilez to second
|
Batting: RHB Jerry Scott
|
0-0: Intentional Walk
|
Batting: RHB Román Ramírez
|
0-0: Ball 1-0: Called Strike 1-1: Ball 2-1: Called Strike 2-2: Fly out, F9 (Line Drive, 9D, EV 85.0 MPH) Runner from 2nd tags up, SAFE at 3rd, no throw by RF
|
Batting: RHB Zhong-yan Zhang
|
0-0: Ball 1-0: SINGLE (Flyball, 89M, EV 88.1 MPH) Jorge Quilez scores Jerry Scott to second Runner from 2nd tries for 3rd, SAFE, throw by RF made to third
|
Batting: SHB John Clements
|
0-0: Called Strike 0-1: Swinging Strike 0-2: Ball 1-2: SINGLE (Groundball, 34D, EV 102.5 MPH) Jerry Scott scores Zhong-yan Zhang to second Runner from 2nd tries for 3rd, SAFE, no throw by RF
|
Batting: RHB Garm van Opdorp
|
0-0: Ball 1-0: SINGLE (Groundball, 56D, EV 109.4 MPH) Zhong-yan Zhang scores John Clements to second
|
Batting: LHB Luis Ortíz
|
0-0: Ball 1-0: Swinging Strike 1-1: Ball 2-1: Foul Ball, location: 2F 2-2: Foul Ball, location: 2F 2-2: Fly out, F7 (Flyball, 78M, EV 77.5 MPH)
|
Top of the 9th over - 3 runs, 4 hits, 0 errors, 2 left on base; Atlantic City 7 - Providence 2 |
BOTTOM OF THE 9TH |
Providence Pilgrims batting - Pitching for Atlantic City Sonics : RHP Peter Routledge
|
Batting: RHB Jesse McCoy
|
0-0: Ground out 4-3 (Groundball, 4, EV 87.5 MPH)
|
Batting: LHB David Davis
|
0-0: Called Strike 0-1: Ground out U3 (Groundball, 3L, EV 90.6 MPH)
|
Batting: RHB Bill Blair
|
0-0: Ball 1-0: Ball 2-0: Foul Ball, location: 2F 2-1: Foul Ball, location: 2F 2-2: Strikes out swinging
|
Bottom of the 9th over - 0 runs, 0 hits, 0 errors, 0 left on base; Atlantic City 7 - Providence 2 |
|